 Dungeon Crawl Stone Soup version 0.29.1-1-gd02db69 (webtiles) character file.

Game seed: 14752059692828902402

26992 Kel the Severer (level 13, -41/129 HPs)
             Began as a Gargoyle Berserker on Nov 24, 2022.
             Was the Champion of Trog.
             Annihilated by a titanic slime creature (76 damage)
             ... on level 13 of the Dungeon on Nov 25, 2022.
             The game lasted 00:29:41 (14748 turns).

Kel the Severer (Gargoyle Berserker)               Turns: 14748, Time: 00:29:42

Health: -41/129    AC: 45    Str: 26    XL:     13   Next: 29%
Magic:  13/13      EV:  8    Int:  8    God:    Trog [******]
Gold:   912        SH:  5    Dex: 17    Spells: 12/12 levels left

rFire   . . .      SeeInvis .   v - +9 war axe of the Gnat {freeze, rC+ Stlth+}
rCold   + + .      Faith    .   Q - +1 buckler {AC+3}
rNeg    + . .      Spirit   .   M - +6 plate armour {rPois}
rPois   ∞          Reflect  .   y - +0 hat {Will+}
rElec   +          Harm     .   t - +1 cloak {Stlth+}
rCorr   +          Rampage  .   c - +0 pair of gloves
Will    +....                   J - +2 pair of boots {Fly}
Stlth   ..........              (no amulet)
HPRegen 0.31/turn               A - ring "Dacyakhlo" {rC+ AC+4 Dex+8}
MPRegen 0.13/turn               D - ring of resist corrosion

@: berserking, flying, very quick
A: sickness immunity, AC +9, negative energy resistance 1, electricity
resistance, torment resistance 1, petrification resistance
a: Renounce Religion, Berserk, Trog's Hand, Brothers in Arms


You were on level 13 of the Dungeon.
You worshipped Trog.
Trog was exalted by your worship.
You visited 1 branch of the dungeon, and saw 13 of its levels.
You also visited: Bailey.

You collected 1024 gold pieces.
You spent 112 gold pieces at shops.

Inventory:

Hand Weapons
 v - the +9 war axe of the Gnat (weapon) {freeze, rC+ Stlth+}
   (You found it on level 4 of the Dungeon)

   It freezes those it strikes, dealing additional cold damage.
   It can also slow down cold-blooded creatures.
   rC:        It protects you from cold.
   Stlth:     It makes you more stealthy.
 L - a +4 hand axe of flaming
 O - a +6 vorpal war axe
Missiles
 p - 3 throwing nets (quivered)
Armour
 c - a +0 pair of gloves (worn)
 t - a +1 cloak of stealth (worn)
 y - a +0 hat of willpower (worn)
 J - a +2 pair of boots of flying (worn)
 M - a +6 plate armour of poison resistance (worn)
 Q - a +1 buckler of protection (worn)
Jewellery
 b - a ring of positive energy
 A - the ring "Dacyakhlo" (left hand) {rC+ AC+4 Dex+8}
   (You found it on level 13 of the Dungeon)

   [ring of protection]

   AC:        It affects your AC (+4).
   Dex:       It affects your dexterity (+8).
   rC:        It protects you from cold.
 D - a ring of resist corrosion (right hand)
 P - a ring of willpower
Wands
 n - a wand of digging (8)
 w - a wand of flame (29)
 z - a wand of paralysis (29)
 G - a wand of light (6)
Scrolls
 a - a scroll of enchant weapon
 e - 6 scrolls of fear
 f - 3 scrolls of blinking
 j - 4 scrolls of identify
 l - 2 scrolls of summoning
 m - 9 scrolls of teleportation
 E - a scroll of butterflies
 K - a scroll of immolation {unknown}
 R - a scroll of vulnerability {unknown}
Potions
 d - 4 potions of curing
 g - a potion of ambrosia {unknown}
 h - 3 potions of invisibility {unknown}
 k - 4 potions of brilliance {unknown}
 o - 2 potions of attraction {unknown}
 q - 3 potions of resistance {unknown}
 r - a potion of mutation {unknown}
 s - 4 potions of magic {unknown}
 u - 4 potions of degeneration {unknown}
 x - 2 potions of might {unknown}
 B - a potion of berserk rage
 C - 4 potions of heal wounds {unknown}
 F - 7 potions of flight
 H - a potion of lignification {unknown}
 I - a potion of cancellation {unknown}
Miscellaneous
 N - a lightning rod (4/4)


   Skills:
 * Level 12.0 Fighting
 + Level 15.4 Axes
 * Level 11.7 Armour
 - Level 1.5 Dodging


You had 12 spell levels left.
You didn't know any spells.
Your spell library was empty.

Dungeon Overview and Level Annotations

Branches:
Dungeon (13/15)            Temple (0/1) D:5            Lair (0/5) D:11
    Orc (0/2) D:11         Bailey (visited)
 Vaults: D:13-14

Altars:
Kikubaaqudgha
Qazlal
Sif Muna
Vehumet
Wu Jian
Zin

Shops:
D:3 [   D:9 ?   D:11 *


Innate Abilities, Weirdness & Mutations

You are immune to sickness and miasma.
Your stone body is resilient. (AC +9)
You are immune to poison.
You resist negative energy. (rN+)
You are resistant to electric shocks. (rElec)
You are resistant to unholy torment.
You are immune to petrification.


Message History

Two slime creatures merge to form an enormous slime creature.
Your Fighting skill increases to level 12!
You slash the enormous slime creature! You freeze the enormous slime creature.
The enormous slime creature is lightly wounded.
You slice the enormous slime creature!! You freeze the enormous slime creature.
The enormous slime creature is lightly wounded.
The enormous slime creature hits you.
You slice the enormous slime creature!! You freeze the enormous slime creature.
The enormous slime creature is moderately wounded.
You slice the enormous slime creature!! You freeze the enormous slime creature!
The enormous slime creature is moderately wounded.
The enormous slime creature hits you!!
Press: ? - help, v - describe, . - travel, g - get item
Here: an enormous slime creature (moderately wounded)
Items here: a +4 dire flail; a +0 chain mail; a human corpse.
The floor.
You feel better. The enormous slime creature hits you!!
* * * LOW HITPOINT WARNING * * *
A red film seems to cover your vision as you go berserk!
You feel yourself moving faster!
You feel mighty!
The enormous slime creature barely misses you.
Two slime creatures merge to form a titanic slime creature.
You slice the titanic slime creature!! You freeze the titanic slime creature!
The titanic slime creature is heavily wounded.
You slice the titanic slime creature!! You freeze the titanic slime creature!
The titanic slime creature is heavily wounded.
You slash the titanic slime creature! You freeze the titanic slime creature.
The titanic slime creature is severely wounded.
You slash the titanic slime creature! You freeze the titanic slime creature.
The titanic slime creature is severely wounded.
You slash the titanic slime creature! You freeze the titanic slime creature.
The titanic slime creature is severely wounded.
The titanic slime creature barely misses you.
You slice the titanic slime creature!! You freeze the titanic slime creature.
The titanic slime creature is almost dead.
You slash the titanic slime creature! You freeze the titanic slime creature.
The titanic slime creature is almost dead.
The titanic slime creature hits you!!!!
Ouch! That really hurt!
You die...

. #............ .#.....
###........####
.'......###...[......####
#........[........#.)...
#...p####......)###)###
#... #......))#(.... #.[
#.....###[#####
##.(########.# #.#
#...J@.>.....# #.#
#....########## #.#
......# #.# ###### #.#
#.##### #...... #######


You could see a titanic slime creature.

Vanquished Creatures
  Gastronok (D:11)
  Josephine (D:12)
  Harold (D:9)
  4 hydras
  2 vault guards (D:13)
  A boulder beetle (D:8)
  3 two-headed ogres
  A centaur warrior (D:13)
  A tengu warrior (D:13)
  Pikel (D:4)
  2 deep elf pyromancers
  A manticore (D:11)
  4 cyclopes
  Maurice (D:11)
  A gargoyle (D:13)
  An efreet (D:13)
  A kobold demonologist (D:5)
  2 komodo dragons
  Grinder (D:4)
  3 trolls
  A slime creature (D:13)
  2 shadows
  2 wyverns (D:11)
  10 yaks
  4 wraiths
  4 basilisks
  2 steam dragons
  12 vampire mosquitoes
  An acid dragon (D:12)
  A water moccasin (D:7)
  2 sky beasts
  8 orc warriors
  A swamp drake (D:11)
  An ice beast (D:5)
  2 black bears
  An ogre (D:6)
  11 centaurs
  5 kobold brigands
  7 bullfrogs
  3 necrophages
  3 scorpions
  2 gnoll sergeants
  13 wights
  24 killer bees
  6 howler monkeys
  6 electric eels (D:8)
  9 orc priests
  4 jellies
  A gnoll bouda (D:5)
  3 hounds
  3 iguanas (D:7)
  Natasha (D:4)
  9 orc wizards
  8 adders
  15 gnolls
  3 shadow imps
  A white imp (D:6)
  An ufetubus (D:6)
  2 worms (D:2)
  2 dart slugs
  36 orcs
  10 ball pythons
  4 bats (D:2)
  7 endoplasms
  5 giant cockroaches
  19 goblins
  9 hobgoblins
  4 jackals
  4 quokkas
  5 frilled lizards
  23 kobolds
  9 rats
364 creatures vanquished.

Vanquished Creatures (others)
  13 plants
13 creatures vanquished.

Grand Total: 377 creatures vanquished

Notes
Turn   | Place    | Note
-------+----------+-------------------------------------------
     0 | D:1      | Kel the Gargoyle Berserker began the quest for the Orb.
     0 | D:1      | Reached XP level 1. HP: 14/14 MP: 1/1
   296 | D:1      | Reached skill level 3 in Axes
   406 | D:1      | Reached XP level 2. HP: 15/19 MP: 2/2
   865 | D:1      | Reached XP level 3. HP: 23/23 MP: 3/3
  1290 | D:2      | Reached ** piety under Trog
  1297 | D:2      | Reached skill level 4 in Axes
  1562 | D:2      | Reached XP level 4. HP: 26/28 MP: 4/4
  2416 | D:3      | Reached skill level 5 in Axes
  2416 | D:3      | Reached XP level 5. HP: 19/32 MP: 5/5
  2416 | D:3      | Found a faded altar of an unknown god.
  2549 | D:3      | Found Giunt's Armour Boutique.
  3258 | D:4      | Noticed Pikel
  3258 | D:4      | Noticed a lemure
  3258 | D:4      | Noticed a lemure
  3259 | D:4      | Noticed a lemure
  3259 | D:4      | Noticed a lemure
  3268 | D:4      | Killed Pikel
  3269 | D:4      | Reached skill level 7 in Axes
  3269 | D:4      | Reached XP level 6. HP: 37/37 MP: 6/6
  3269 | D:4      | Reached XP level 7. HP: 41/41 MP: 7/7
  3423 | D:4      | Identified the +9 war axe of the Gnat {freeze, rC+ Stlth+}
  3499 | D:4      | Reached *** piety under Trog
  3640 | D:4      | Reached skill level 8 in Axes
  3725 | D:4      | Noticed Natasha
  3729 | D:4      | Killed Natasha
  4019 | D:4      | Noticed Grinder
  4036 | D:4      | Paralysed by Grinder for 4 turns
  4042 | D:4      | Killed Grinder
  4043 | D:4      | Reached XP level 8. HP: 44/46 MP: 8/8
  4226 | D:5      | Entered Level 5 of the Dungeon
  4286 | D:5      | Found the +7 Throatcutter {drain, coup de grace}
  4286 | D:5      | Noticed a kobold demonologist
  4293 | D:5      | Reached skill level 9 in Axes
  4307 | D:5      | Killed a kobold demonologist
  4312 | D:5      | Reached skill level 10 in Axes
  4352 | D:5      | Found a staircase to the Ecumenical Temple.
  4527 | D:5      | Found a stormy altar of Qazlal.
  4576 | D:5      | Reached XP level 9. HP: 45/51 MP: 9/9
  4809 | D:5      | Reached skill level 11 in Axes
  5046 | D:6      | Reached **** piety under Trog
  5153 | D:6      | Found a radiant altar of Vehumet.
  5157 | D:6      | Found an ancient bone altar of Kikubaaqudgha.
  5158 | D:6      | Found a shimmering blue altar of Sif Muna.
  5821 | D:6      | Reached skill level 12 in Axes
  6194 | D:7      | Noticed a two-headed ogre
  6207 | D:7      | Killed a two-headed ogre
  6208 | D:7      | Reached XP level 10. HP: 37/56 MP: 10/10
  6240 | D:7      | Reached skill level 13 in Axes
  6426 | D:7      | Noticed a cyclops
  6448 | D:7      | Killed a cyclops
  7018 | D:7      | Reached skill level 14 in Axes
  7384 | D:8      | Reached ***** piety under Trog
  7474 | D:8      | Found a flagged portal.
  7483 | Bailey   | Entered a bailey
  8232 | D:8      | Noticed a boulder beetle
  8246 | D:8      | Killed a boulder beetle
  8247 | D:8      | Reached skill level 5 in Fighting
  8247 | D:8      | Reached XP level 11. HP: 12/64 MP: 11/11
  8301 | D:8      | Paralysed by a wight for 2 turns
  8496 | D:8      | Reached skill level 5 in Armour
  9163 | D:9      | Received a gift from Trog
  9311 | D:9      | You are sucked into a shaft and drop 1 floor!
  9311 | D:10     | Entered Level 10 of the Dungeon
  9727 | D:9      | Found Tyg Gyla's Magic Scroll Emporium.
  9736 | D:9      | Bought a scroll of enchant armour for 112 gold pieces
  9920 | D:9      | Found an ornate altar of the Wu Jian Council.
  9920 | D:9      | Found a glowing silver altar of Zin.
 10172 | D:9      | Noticed Harold
 10195 | D:9      | Killed Harold
 11005 | D:10     | Noticed a cyclops
 11024 | D:10     | Killed a cyclops
 11205 | D:11     | Found a staircase to the Orcish Mines.
 11383 | D:11     | Found a staircase to the Lair.
 11590 | D:11     | Noticed a five-headed hydra
 11602 | D:11     | Killed a one-headed hydra
 11603 | D:11     | Reached XP level 12. HP: 62/75 MP: 12/12
 11752 | D:11     | Noticed Maurice
 11763 | D:11     | Killed Maurice
 11871 | D:11     | Noticed a seven-headed hydra
 11878 | D:11     | Killed a two-headed hydra
 11968 | D:11     | Noticed Gastronok
 11978 | D:11     | Killed Gastronok
 12562 | D:11     | Found Niopt's CLEARANCE SALE!.
 12821 | D:11     | Reached skill level 10 in Fighting
 12971 | D:12     | Noticed a two-headed ogre
 12979 | D:12     | Killed a two-headed ogre
 12980 | D:12     | Reached skill level 15 in Axes
 13246 | D:12     | Noticed a five-headed hydra
 13255 | D:12     | Killed a one-headed hydra
 13256 | D:12     | Reached skill level 10 in Armour
 13617 | D:12     | Noticed Josephine
 13635 | D:12     | Killed Josephine
 13835 | D:12     | Noticed a two-headed ogre
 13844 | D:12     | Killed a two-headed ogre
 14074 | D:13     | Identified the ring "Dacyakhlo" {rC+ AC+4 Dex+8}
 14187 | D:13     | Noticed a vault guard
 14292 | D:13     | Noticed a tengu warrior
 14308 | D:13     | Killed a tengu warrior
 14309 | D:13     | Reached XP level 13. HP: 49/84 MP: 13/13
 14647 | D:13     | Noticed a vault guard
 14657 | D:13     | Killed a vault guard
 14716 | D:13     | Noticed a vault guard
 14724 | D:13     | Reached ****** piety under Trog
 14735 | D:13     | Killed a vault guard
 14748 | D:13     | Annihilated by a titanic slime creature

Illustrated notes

Levels and vault maps discovered:
D:1:      reono_arrival_forest_river, layout_basic
D:2:      layout_loops_ring, minmay_misc_feat_plants
D:3:      layout_rooms, hellmonk_ecumenical_altar_run_dry, serial_shops, shop,
          serial_co_window_serial, co_window_corner_a, co_window_corner_a,
          co_window_paths_a, co_window_paths_a, co_window_paths_a,
          co_window_broadway_b, co_window_cross_2, co_window_cross_4,
          co_window_of_opportunity_b, glass_columns_c, glass_columns_b,
          glass_columns_b, glass_columns_b, glass_columns_a, minmay_crystal_room
D:4:      layout_basic, minivault_11, minmay_bent, uniq_grinder, uniq_pikel,
          uniq_natasha
D:5:      layout_basic, nicolae_qazlal_eye_of_the_storm,
          minmay_temple_entry_junction_2, dilly_guarded_unrand_throatcut
D:6:      layout_layer_cave, grunt_temple_overflow_magic_moments
D:7:      nzn_winding_woodlands_small [nzn_winding_woodlands_5x15_longhouse,
          nzn_winding_woodlands_center_garden,
          nzn_winding_woodlands_5x15_cabin], layout_gridville
D:8:      cheibrodos_two_vegetables, layout_basic, enter_bailey_3
D:9:      layout_stronghold, mainiacjoe_overflow_divided_tiny, serial_glass,
          glass_columns_c, glass_columns_c, serial_shops, shop, uniq_harold
D:10:     layout_basic
D:11:     layout_grid_maze, erik_lair_dragon, orc_0_dummy,
          nicolae_shop_clearance, uniq_gastronok, uniq_maurice
D:12:     layout_stronghold, uniq_josephine
D:13:     minmay_bloctagon_deflated, layout_loops_ring,
          lightli_vaults_fourway_checkpoint, ebering_ghost_gozag

Skill      XL: |  1  2  3  4  5  6  7  8  9 10 11 12 13 |
---------------+----------------------------------------+-----
Axes           | 3 4 5 7 8 10 12 14 15 | 15.4
Armour         | 4 8 11 | 11.7
Fighting       | 5 8 11 12 | 12.0
Dodging        | |  1.5

Action                   |  1- 3 |  4- 6 |  7- 9 | 10-12 | 13-15 || total
-------------------------+-------+-------+-------+-------+-------++-------
Melee: Hand axe          |   104 |    84 |       |    17 |     6 ||   211
       War axe           |       |    15 |   204 |   546 |    66 ||   831
Invok: Berserk           |       |     1 |     2 |     4 |     1 ||     8
  Use: Scroll            |       |       |     6 |     6 |       ||    12
       Potion            |       |       |       |     5 |     1 ||     6
Armor: Animal skin       |     9 |       |       |       |       ||     9
       Plate armour      |    36 |    97 |   113 |   426 |    48 ||   720
       Skin              |     5 |       |       |       |       ||     5
Dodge: Dodged            |    44 |    22 |    65 |   148 |    23 ||   302
Block: Buckler           |     3 |     4 |    14 |    39 |     6 ||    66
